 Dungeon Crawl Stone Soup version 0.30-b1-2-g02819fbbbe (webtiles) character file.

Game seed: 6356020489444610920

156 Alarkh the Digger (level 5, -1/35 HPs)
             Began as a Demonspawn Earth Elementalist on May 30, 2023.
             Slain by an orc
             ... wielding a +0 short sword
              (3 damage)
             ... on level 5 of the Dungeon.
             The game lasted 00:03:05 (2106 turns).

Alarkh the Digger (Demonspawn Earth Elementalist)   Turns: 2106, Time: 00:03:05

Health: -1/35      AC:  2    Str:  8    XL:     5   Next: 14%
Magic:  2/9        EV: 12    Int: 18    God:
Gold:   138        SH:  0    Dex: 14    Spells: 9/10 levels left

rFire   . . .        e - +0 whip (venom)
rCold   . . .        (no shield)
rNeg    . . .        a - +0 robe
rPois   .            (no helmet)
rElec   .            (no cloak)
rCorr   .            (no gloves)
SInv    .            (no boots)
Will    .....        (no amulet)
Stlth   ++           (no ring)
HPRegen 0.25/turn    (no ring)
MPRegen 0.11/turn

%: no passive effects
@: weak-willed
A: spiny 1
a: no special abilities


You were on level 5 of the Dungeon.
You visited 1 branch of the dungeon, and saw 4 of its levels.

You collected 138 gold pieces.

Inventory:

Hand Weapons
 d - a +0 dagger
 e - a +0 whip of venom (weapon)
Armour
 a - a +0 robe (worn)
 i - an orb of guile
Jewellery
 g - an amulet of the acrobat
Scrolls
 c - a scroll of enchant armour
 h - a scroll of teleportation {unknown}
 k - a scroll of amnesia
Potions
 b - 3 potions of magic
 n - a potion of lignification
 o - 2 potions of mutation


   Skills:
 - Level 1.7 Dodging
 - Level 1.7 Stealth
 + Level 3.2 Spellcasting
 - Level 0.8 Transmutations
 * Level 4.6 Earth Magic


You had 9 spell levels left.
You knew the following spells:

 Your Spells              Type           Power      Damage    Failure   Level
a - Sandblast             Erth           38%        2d10      2%          1

Your spell library contained the following spells:

 Spells                   Type           Power      Damage    Failure   Level
 Passwall                 Tmut/Erth      10%        N/A       8%          2
 Stone Arrow              Conj/Erth      22%        3d8       19%         3
 Petrify                  Tmut/Erth      12%        N/A       45%         4


Dungeon Overview and Level Annotations

Branches:
Dungeon (3/15)

Altars:


Innate Abilities, Weirdness & Mutations

You are partially covered in sharp spines.


Message History

Aiming: Sandblast (safe; 2% risk of failure)
Press: ? - help, Shift-Dir - straight line, f/p - orc wizard
Aim: an orc wizard, wielding a +0 dagger and wearing a +0 robe (heavily wounded, extremely poisoned, 77% to hit)
The blast of sand misses the orc wizard.
The orc wizard casts a spell at you. The puff of flame hits you!
* * * LOW HITPOINT WARNING * * *
You hit the orc wizard but do no damage.
The orc wizard looks as sick as possible!
The orc wizard is almost dead.
You kill the orc wizard!
You have reached level 5!
Things that are here:
a +0 dagger; a +0 robe; an orc corpse An orc comes into view.
It is wielding a +0 short sword.
The orc moves out of view.
An orc priest comes into view. It is wielding a +0 falchion.
The orc shouts!
An orc priest comes into view. It is wielding a +0 hand axe.
The orc priest shouts!
Casting: Sandblast (safe; 2% risk of failure)
Confirm with . or Enter, or press ? or * to list all spells.
Aiming: Sandblast (safe; 2% risk of failure)
Press: ? - help, Shift-Dir - straight line, f - orc priest
Aim: an orc priest, wielding a +0 hand axe and wearing a +0 leather armour (82% to hit)
The blast of sand hits the orc priest!
The orc priest is heavily wounded.
The orc priest invokes the aid of Beogh against you.
Pain shoots through your body!
* * * LOW HITPOINT WARNING * * *
Casting: Sandblast (safe; 2% risk of failure)
Confirm with . or Enter, or press ? or * to list all spells.
Aiming: Sandblast (safe; 2% risk of failure)
Press: ? - help, Shift-Dir - straight line, f/p - orc priest
Aim: an orc priest, wielding a +0 hand axe and wearing a +0 leather armour (heavily wounded, 82% to hit)
The blast of sand hits the orc priest.
The orc priest is almost dead.
The orc priest barely misses you. The orc is struck by your spines.
The orc hits you with a +0 short sword.
You die...

#.........##o##
#.#
#.........##.#
#o#
#.........##.#
#.#
#.....l.).##o#
#Y####
#.[...######.#
#....# #.#.#.#
####o# ####.#
.....#.# #....#
#o# ...#. #.#
#o#### #.# ..
## #.# #@# #.#
. ..# #o# #Y#
#Y# #.# #.# #.#
#.# #Y# #.# #.#
... #.# ... ..#
... ...# .....


You could see an orc priest and an orc.

Vanquished Creatures
  A hound (D:5)
  An iguana (D:5)
  An orc wizard (D:5)
  3 adders
  An orc (D:3)
  5 bats
  4 endoplasms
  4 giant cockroaches
  4 hobgoblins
  5 quokkas
  5 ball pythons (D:1)
  A frilled lizard (D:2)
  8 kobolds
  3 rats (D:1)
46 creatures vanquished.

Notes
Turn   | Place    | Note
-------+----------+-------------------------------------------
     0 | D:1      | Alarkh the Demonspawn Earth Elementalist began the quest
                  | for the Orb.
     0 | D:1      | Reached XP level 1. HP: 13/13 MP: 3/3
    81 | D:1      | Reached skill level 3 in Earth Magic
   136 | D:1      | Gained mutation: You are partially covered in sharp spines.
                  | [demonic ancestry]
   136 | D:1      | Reached XP level 2. HP: 19/19 MP: 3/5
   934 | D:1      | Reached XP level 3. HP: 24/24 MP: 4/6
  1416 | D:2      | Found a faded altar of an unknown god.
  1984 | D:3      | Reached skill level 4 in Earth Magic
  2009 | D:3      | You fall into a shaft and drop 2 floors!
  2009 | D:5      | Entered Level 5 of the Dungeon
  2036 | D:5      | Reached XP level 4. HP: 22/30 MP: 3/8
  2036 | D:5      | Noticed an ice beast
  2070 | D:5      | Noticed an ice beast
  2082 | D:5      | Reached XP level 5. HP: 6/35 MP: 2/9
  2106 | D:5      | Slain by an orc

Illustrated notes

Levels and vault maps discovered:
D:1:      pf_arrival_petrified_forest, layout_loops_ring, glass_columns_b,
          minmay_unequal
D:2:      layout_basic, hellmonk_ecumenical_altar_heavens_door
D:3:      layout_loops_corners, amcnicky_altar_gilded
D:5:      layout_loops_ring, marbit_many_paths

Skill      XL: |  1  2  3  4 |
---------------+-------------+-----
Earth Magic    | 3 4 |  4.6
Spellcasting   | 3 |  3.2
Dodging        | |  1.7
Stealth        | |  1.7
Transmutations | |  0.8

Action                     |  1- 3 |  4- 6 || total
---------------------------+-------+-------++-------
  Melee: Dagger            |     8 |       ||     8
         Whip              |     5 |     3 ||     8
   Cast: Sandblast         |    57 |     9 ||    66
    Use: Scroll            |     5 |     3 ||     8
         Potion            |       |     1 ||     1
 Armour: Robe              |    10 |     2 ||    12
  Dodge: Dodged            |    38 |     4 ||    42
